 Dungeon Crawl Stone Soup version 0.17.0-28-g6e173f8 (webtiles) character file.

213 coffecat the Shooter (level 6, -5/44 HPs)
             Began as a Formicid Hunter on Nov 28, 2015.
             Shot with an arrow by a centaur (8 damage)
             ... on level 5 of the Dungeon.
             The game lasted 00:10:51 (1896 turns).

coffecat the Shooter (Formicid Hunter)              Turns: 1896, Time: 00:10:51

Health: -5/44      AC:  3    Str: 16    XL:     6   Next: 14%
Magic:  6/6        EV: 12    Int: 11    God:    Xom [*.....]
Gold:   113        SH:  0    Dex: 13    Spells: 0 memorised, 5 levels left

rFire  . . .     SeeInvis +     a - +1 shortbow
rCold  . . .     Clarity  .     c - +0 leather armour
rNeg   . . .     SustAt   .     (no shield)
rPois  .         Gourm    .     (helmet unavailable)
rElec  .         Spirit   .     (no cloak)
rCorr  .         Warding  .     (no gloves)
rMut   .         Stasis   +     (no boots)
MR     .....                    (no amulet)
Stlth  ++........               (no ring)
                                (no ring)

@: not resistant to hostile enchantments, unstealthy
A: permanent stasis, dig shafts and tunnels, four strong arms, antennae 3
a: Dig, Shaft Self, Renounce Religion


You were on level 5 of the Dungeon.
You worshipped Xom.
You were a special plaything of Xom.
You were not hungry.

You visited 1 branch of the dungeon, and saw 5 of its levels.

You collected 113 gold pieces.

Inventory:

Hand Weapons
 a - a +1 shortbow (weapon)
 b - a +0 short sword
Missiles
 i - 7 arrows of frost
 n - an arrow (quivered)
Armour
 c - a +0 leather armour (worn)
Jewellery
 k - an uncursed amulet of regeneration {unknown}
Wands
 d - a wand of digging (9)
Scrolls
 l - a scroll of teleportation
Potions
 f - 3 potions of curing {unknown}
 g - a potion of heal wounds {unknown}
 h - a potion of poison {unknown}
 p - a potion of magic {unknown}
 q - a potion of flight {unknown}
Comestibles
 e - a bread ration


   Skills:
 + Level 2.2 Fighting
 + Level 5.0 Bows
 + Level 2.1 Armour
 + Level 2.6 Dodging
 + Level 1.5 Stealth


You had 5 spell levels left.
You didn't know any spells.

Dungeon Overview and Level Annotations

Branches:
Dungeon (5/15)
 Temple: D:4-7

Altars:
Cheibriados
Dithmenos
Kikubaaqudgha
Makhleb
Trog
Xom
Zin


Innate Abilities, Weirdness & Mutations

You are under a permanent stasis effect.
You can dig through walls and to a lower floor.
Your four strong arms can wield two-handed weapons with a shield.
You have a pair of large antennae on your head (SInv).


Message History

A scorpion and a centaur come into view.
The centaur shouts!
The centaur wields a shortbow.
The centaur shoots an arrow.
The arrow hits you!
A shower of butterflies erupts from you!
The centaur shoots an arrow.
The arrow hits you!
Found 13 stones.
A phantom comes into view.
You see here an arrow.
You swap places.
An adder skeleton comes into view.
There are monsters nearby!
The centaur shoots an arrow.
The arrow misses your butterfly. The arrow hits you!
* * * LOW HITPOINT WARNING * * *
You see here an arrow.
You swap places.
The centaur shoots an arrow.
The arrow hits you.
* * * LOW HITPOINT WARNING * * *
The centaur shoots an arrow.
The arrow hits you!
You die...
Xom giggles madly!

........(####### .
.......#.......## .#
.......#........#####.##
........................
...............b....W..
(......#............#. .
.......####<.b.bb..>#
... ########
##.....b..#.....
#.....@(....c.(.
#..##>#..(#...... #.#
#.....s...b.. ...
#....##.(.... ... #....#
...... .. ##.#.. .....
..##.. #.... #.. .. ...


You could see a phantom, a centaur and a scorpion.

Vanquished Creatures
  A sky beast (D:3)
  An orc priest (D:3)
  Robin (D:3)
  3 gnolls (D:2)
  An adder (D:2)
  4 orcs (D:3)
  6 hobgoblins
  A quokka (D:2)
  2 bats (D:2)
  A giant cockroach (D:3)
  6 giant newts
  8 goblins
  3 kobolds (D:2)
  4 rats
42 creatures vanquished.

Notes
Turn   | Place    | Note
--------------------------------------------------------------
     0 | D:1      | coffecat the Formicid Hunter began the quest for the Orb.
     0 | D:1      | Reached XP level 1. HP: 16/16 MP: 1/1
   200 | D:2      | Reached XP level 2. HP: 22/22 MP: 2/2
   206 | D:2      | Found a shimmering altar of Xom.
   206 | D:2      | Found a glowing silver altar of Zin.
   207 | D:2      | Noticed an angel
   414 | D:2      | Reached XP level 3. HP: 17/27 MP: 3/3
   415 | D:2      | Became a worshipper of Xom of Chaos
   650 | D:2      | Reached skill level 4 in Bows
   650 | D:2      | Reached skill level 1 in Armour
   652 | D:2      | Reached XP level 4. HP: 14/33 MP: 4/4
   699 | D:2      | XOM: silly message
   973 | D:3      | Noticed Robin
   989 | D:3      | Killed Robin
  1127 | D:3      | Noticed a sky beast
  1138 | D:3      | Killed a sky beast
  1138 | D:3      | Reached XP level 5. HP: 27/38 MP: 5/5
  1288 | D:3      | Reached XP level 6. HP: 44/44 MP: 6/6
  1298 | D:3      | Reached skill level 5 in Bows
  1306 | D:3      | XOM: smoke on damage
  1445 | D:3      | XOM: divination: detect items
  1471 | D:3      | XOM: harmless Trmt miscast
  1639 | D:3      | XOM: mild Pois miscast
  1673 | D:3      | You fall through a shaft!
  1673 | D:4      | Found an ancient bone altar of Kikubaaqudgha.
  1673 | D:4      | Found a burning altar of Makhleb.
  1673 | D:4      | Found a shadowy altar of Dithmenos.
  1673 | D:4      | Found a snail-covered altar of Cheibriados.
  1673 | D:4      | Found a bloodstained altar of Trog.
  1858 | D:5      | Entered Level 5 of the Dungeon
  1893 | D:5      | XOM: butterfly on damage
  1896 | D:5      | Shot with an arrow by a centaur

Action                   |  1- 3 |  4- 6 || total
-------------------------+-------+-------++-------
Melee: Short sword       |    10 |    68 ||    78
 Fire: Shortbow          |    52 |    51 ||   103
Throw: Throwing net      |       |     1 ||     1
 Abil: Shaft Self        |       |     1 ||     1
  Use: Scroll            |       |     2 ||     2
  Eat: Bread ration      |       |     1 ||     1
